 Dungeon Crawl Stone Soup version 0.30.1-11-g7821555f0a (webtiles) character file.

Game seed: 7161684075863265474

12222 Ijustatesigmund the Thaumaturge (level 11, -7/71 HPs)
             Began as an Octopode Conjurer on Dec 19, 2023.
             Was a Priest of Vehumet.
             Mangled by a two-headed ogre
             ... wielding a +0 giant spiked club
              (28 damage)
             ... on level 12 of the Dungeon.
             The game lasted 00:42:24 (18645 turns).

Ijustatesigmund the Thaumaturge (OpCj)             Turns: 18645, Time: 00:42:25

Health: -7/71      AC:  1    Str: 19    XL:     11   Next: 90%
Magic:  22/24      EV: 13    Int: 25    God:    Vehumet [***...]
Gold:   1411       SH: 10    Dex: 16    Spells: 22/29 levels left

rFire   . . .        d - +3 short sword (heavy)
rCold   . . .        y - +0 kite shield
rNeg    . . .        (helmet restricted)
rPois   .            (no amulet)
rElec   .            m - ring of resist corrosion
rCorr   +            n - +6 ring of strength
SInv    .            j - +6 ring of dexterity
Will    .....        r - +6 ring of strength
Stlth   ++++         t - ring of flight
HPRegen 0.31/turn    v - ring of wizardry
MPRegen 0.19/turn    (no ring)
                     (no ring)

%: wizardry (x1)
@: flying, invisible
A: almost no armour, amphibious, 8 rings, camouflage 1, gelatinous body 1,
(nimble swimmer 1), tentacles
a: Renounce Religion


You were on level 12 of the Dungeon.
You worshipped Vehumet.
Vehumet was most pleased with you.
You visited 2 branches of the dungeon, and saw 13 of its levels.
You also visited: Sewer.

You collected 1411 gold pieces.

Inventory:

Hand Weapons
 d - a +3 heavy short sword (weapon)
Armour
 y - a +0 kite shield (worn)
Jewellery
 j - a +6 ring of dexterity (on tentacle)
 m - a ring of resist corrosion (left tentacle)
 n - a +6 ring of strength (right tentacle)
 r - a +6 ring of strength (on tentacle)
 t - a ring of flight (on tentacle)
 v - a ring of wizardry (on tentacle)
Wands
 e - a wand of polymorph (3)
 u - a wand of flame (37)
 z - a wand of charming (1)
Scrolls
 b - 2 scrolls of identify
 g - 2 scrolls of magic mapping
 h - 5 scrolls of enchant weapon
 q - a scroll of poison
 w - a scroll of teleportation
 A - a scroll of immolation
Potions
 a - 5 potions of magic
 c - a potion of might
 f - 3 potions of heal wounds
 i - 2 potions of brilliance
 k - 3 potions of attraction
 l - 2 potions of lignification
 o - a potion of haste
 s - 2 potions of curing
 B - a potion of berserk rage
Miscellaneous
 p - a phial of floods


   Skills:
 - Level 5.0 Fighting
 - Level 3.0 Short Blades
 - Level 4.3 Dodging
 - Level 6.4 Stealth
 - Level 5.2 Shields
 + Level 9.6 Spellcasting
 - Level 9.5 Conjurations
 - Level 8.0 Translocations
 + Level 3.3 Evocations


You had 22 spell levels left.
You knew the following spells:

 Your Spells              Type           Power      Damage    Failure   Level
a - Magic Dart            Conj           100%       1d8       1%          1
b - Searing Ray           Conj           100%       2d8       1%          2
c - Iskenderun's Mystic   Conj/Tloc      54%        2d12      1%          4

Your spell library contained the following spells:

 Spells                   Type           Power      Damage    Failure   Level
 Mephitic Cloud           Conj/Pois/Air  27%        N/A       1%          3
 Shock                    Conj/Air       100%       1d9       1%          1
 Dazzling Flash           Conj/Hex       70%        N/A       1%          3
 Fulminant Prism          Conj/Hex       17%        3d10      2%          4
 Necrotise                Necr           48%        1d6       4%          1
 Frozen Ramparts          Ice            24%        1d4       4%          3
 Arcjolt                  Conj/Air       17%        1d27      5%          5
 Vampiric Draining        Necr           12%        2d6       16%         3
 Ice Form                 Ice/Tmut       12%        N/A       43%         4
 Summon Ice Beast         Ice/Summ       12%        N/A       43%         4
 Agony                    Necr           12%        N/A       77%         5
 Summon Mana Viper        Hex/Summ       12%        N/A       77%         5
 Malign Gateway           Summ/Tloc      16%        N/A       100%        7
 Monstrous Menagerie      Summ           6%         N/A       100%        7
 Summon Horrible Things   Summ           6%         N/A       100%        8
 Fire Storm               Conj/Fire      17%        8d5       100%        9


Dungeon Overview and Level Annotations

Branches:
Dungeon (12/15)            Temple (1/1) D:6            Lair (0/5) D:8
    Orc (0/2) D:9           Sewer (visited)

Altars:
Ashenzari
Cheibriados
Dithmenos
Elyvilon
Fedhas
Gozag
Hepliaklqana
Kikubaaqudgha
Makhleb
Nemelex Xobeh
Okawaru
Qazlal
Ru
Sif Muna
Trog
Uskayaw
Vehumet
Wu Jian
Xom
Yredelemnul
Zin
The Shining One

Shops:
D:8 [[[   D:11 :

Annotations:
D:10 3 runed translucent doors, ripuliukko's ghost, novice GrEE


Innate Abilities, Weirdness & Mutations

You cannot wear most types of armour.
You are amphibious.
You can wear up to eight rings at the same time.
Your skin changes colour to match your surroundings (Stealth+).
Your rubbery body absorbs attacks. (AC +1, EV +1)
((You are camouflaged when in or above water. (Stealth+)))
You have tentacles for arms and can constrict up to eight enemies at once.


Message History

Found 7 stones.
You see here 7 stones.
Found a stone staircase leading down.
There is a stone staircase leading down here.
You start waiting.
Done waiting.
You start waiting.
Done waiting.
You start waiting.
A cyclops is nearby!
Casting: Iskenderun's Mystic Blast (safe; 1% risk of failure)
Confirm with . or Enter, or press ? or * to list all spells.
Aiming: Magic Dart (safe; 1% risk of failure)
Press: ? - help, Shift-Dir - straight line, f - cyclops
Aim: a cyclops, quivering large rocks (wandering, hasn't noticed you, 100% to hit)
The magic dart hits the cyclops.
The cyclops is lightly wounded.
Casting: Magic Dart (safe; 1% risk of failure)
Confirm with . or Enter, or press ? or * to list all spells.
Aiming: Searing Ray (safe; 1% risk of failure)
Press: ? - help, Shift-Dir - straight line, f/p - cyclops
Aim: a cyclops, quivering large rocks (lightly wounded, 98% to hit)
The searing ray hits the cyclops.
The cyclops is lightly wounded. (Press . to maintain the ray.)
The cyclops throws a large rock.
The large rock hits you!!
The searing ray hits the cyclops.
The cyclops is moderately wounded.
The cyclops throws a large rock.
The large rock hits you!!
* * * LOW HITPOINT WARNING * * *
You fade into invisibility!
There is a stone staircase leading down here.
You fly downwards.
There is a stone staircase leading up here.
The helpless two-headed ogre fails to defend itself.
You impale the two-headed ogre!! You squeeze the two-headed ogre!
The two-headed ogre is severely wounded.
The two-headed ogre closely misses you.
The two-headed ogre hits you with a +0 giant spiked club!!
You die...

# #### .#
#.. ..
..#####.##.#
.......<...#
..#####.####
#.# #@# #O#
#.# #.# ..#
###


You could see a two-headed ogre (unable to see you).

Vanquished Creatures
  2 two-headed ogres
  A manticore (D:11)
  2 centaur zombies (D:10)
  Psyche (D:11)
  A komodo dragon (D:10)
  A kobold demonologist (D:11)
  2 trolls
  2 hornets (D:9)
  Prince Ribbit (D:9)
  Sigmund (D:5)
  A shadow (D:9)
  5 yaks (D:11)
  2 steam dragons
  4 vampire mosquitoes (D:11)
  5 water moccasins
  6 orc warriors
  Pargi (Sewer)
  5 ice beasts
  5 black bears
  An ogre (D:6)
  2 phantoms (D:4)
  4 kobold brigands
  2 gnoll sergeants
  7 bullfrogs
  5 scorpions
  13 wights
  9 killer bees
  10 howler monkeys
  A jelly (D:5)
  A gnoll bouda (D:5)
  8 orc priests
  2 hounds
  A sleepcap (D:7)
  2 iguanas
  13 orc wizards
  14 gnolls
  6 adders
  A white imp (D:5)
  3 worms
  4 dart slugs
  36 orcs
  8 endoplasms
  7 giant cockroaches
  11 goblins
  8 hobgoblins
  7 jackals
  6 quokkas
  12 ball pythons
  7 bats
  3 frilled lizards
  24 kobolds
  10 rats
296 creatures vanquished.

Vanquished Creatures (collateral kills)
  A cyclops (D:11)
1 creature vanquished.

Vanquished Creatures (others)
  A bullfrog (D:8)
1 creature vanquished.

Grand Total: 298 creatures vanquished

Notes
Turn   | Place    | Note
-------+----------+-------------------------------------------
     0 | D:1      | Ijustatesigmund the Octopode Conjurer began the quest for
                  | the Orb.
     0 | D:1      | Reached XP level 1. HP: 11/11 MP: 3/3
   478 | D:1      | Reached XP level 2. HP: 18/18 MP: 1/5
   552 | D:1      | Reached skill level 1 in Fighting
  1023 | D:1      | Reached XP level 3. HP: 23/23 MP: 4/6
  1035 | D:1      | Learned a level 2 spell: Searing Ray
  2165 | D:2      | Reached XP level 4. HP: 28/28 MP: 3/8
  2689 | D:3      | Got the Spellbook of Blasting
  3460 | D:3      | Learned a level 4 spell: Iskenderun's Mystic Blast
  3758 | D:4      | Noticed a scorpion
  3769 | D:4      | Killed a scorpion
  3770 | D:4      | Reached skill level 1 in Translocations
  3770 | D:4      | Reached XP level 5. HP: 30/33 MP: 1/9
  4009 | D:4      | Found a glowing drain.
  4014 | D:4      | Reached XP level 6. HP: 38/38 MP: 3/10
  4021 | Sewer    | Entered a sewer
  4132 | Sewer    | Noticed Pargi
  4138 | Sewer    | Killed Pargi
  4139 | Sewer    | Reached skill level 5 in Stealth
  4313 | Sewer    | Identified the +5 scale mail "Miqain Wocu" {Str+4}
  4461 | D:4      | Reached XP level 7. HP: 23/43 MP: 1/11
  4480 | D:3      | HP: 2/43 [adder (2)]
  4980 | D:4      | Reached skill level 5 in Conjurations
  5438 | D:5      | Entered Level 5 of the Dungeon
  6008 | D:5      | Reached XP level 8. HP: 51/51 MP: 7/14
  6441 | D:5      | Noticed Sigmund
  6563 | D:5      | Killed Sigmund
  6564 | D:5      | Reached skill level 5 in Translocations
  6992 | D:6      | Reached skill level 1 in Short Blades
  7072 | D:6      | Reached skill level 5 in Spellcasting
  7362 | D:6      | Reached XP level 9. HP: 13/57 MP: 10/16
  7613 | D:6      | Found a staircase to the Ecumenical Temple.
  7619 | Temple   | Entered the Ecumenical Temple
  7873 | Temple   | Became a worshipper of Vehumet
 10529 | D:7      | Reached XP level 10. HP: 44/63 MP: 2/19
 11698 | D:8      | Reached * piety under Vehumet
 11698 | D:8      | Offered knowledge of Sandblast by Vehumet.
 11760 | D:8      | Found a staircase to the Lair.
 12024 | D:8      | Found Beph's Armour Boutique.
 12039 | D:8      | Found Ygawoacs's Antique Armour Boutique.
 12440 | D:8      | Found Jeusap's Armour Emporium.
 12921 | D:9      | Found a staircase to the Orcish Mines.
 12955 | D:9      | Paralysed by a hornet for 2 turns
 13130 | D:9      | Offered knowledge of Static Discharge by Vehumet.
 13131 | D:9      | Reached ** piety under Vehumet
 13342 | D:9      | Identified a scroll of acquirement
 13343 | D:9      | Acquired 755 gold pieces
 13542 | D:9      | Noticed Prince Ribbit
 13551 | D:9      | Killed Prince Ribbit
 14067 | D:9      | Paralysed by a hornet for 2 turns
 14073 | D:9      | Reached skill level 5 in Fighting
 14073 | D:9      | Reached XP level 11. HP: 21/71 MP: 12/22
 14499 | D:10     | Entered Level 10 of the Dungeon
 14819 | D:10     | Found a stormy altar of Qazlal.
 15087 | D:10     | Found a sparkling altar of Nemelex Xobeh.
 15149 | D:10     | Reached skill level 1 in Shields
 15152 | D:10     | Offered knowledge of Mephitic Cloud by Vehumet.
 15685 | D:10     | Found a runed translucent gate.
 15685 | D:10     | Found a runed translucent gate.
 15685 | D:10     | Found a runed translucent gate.
 15685 | D:10     | Noticed ripuliukko's ghost (novice GrEE)
 15688 | D:10     | Found a basalt altar of Yredelemnul.
 15702 | D:11     | Noticed a manticore
 16428 | D:11     | Found Foren's Book Boutique.
 16434 | D:11     | Noticed Psyche
 16452 | D:11     | Killed Psyche
 16459 | D:11     | Noticed a cyclops
 16687 | D:11     | Noticed a two-headed ogre
 16701 | D:10     | Killed a two-headed ogre
 16702 | D:10     | Reached skill level 5 in Shields
 17128 | D:11     | Noticed a cyclops
 17128 | D:11     | Noticed a two-headed ogre
 17136 | D:11     | Killed a cyclops
 17146 | D:11     | Killed a two-headed ogre
 17365 | D:11     | Killed a manticore
 17366 | D:11     | Reached skill level 1 in Evocations
 18070 | D:11     | Reached *** piety under Vehumet
 18641 | D:12     | Noticed a two-headed ogre
 18645 | D:12     | Mangled by a two-headed ogre

Illustrated notes

Levels and vault maps discovered:
D:1:      dpeg_arrival_brainrot, layout_loops_corners
D:2:      layout_rooms
D:3:      layout_basic
D:4:      layout_rooms, gup_sewer_entry_pipe, lightli_minifort
D:5:      layout_gridville, saegor_snake_ambush, uniq_sigmund
D:6:      layout_basic, minmay_temple_entry_enclosed_plants
D:7:      layout_basic
D:8:      layout_loops_ring, due_lair_maze_entry_diamond, serial_shops, shop,
          shop, nicolae_shop_hallway_plus
D:9:      layout_roguey, orc_0_dummy, uniq_prince_ribbit1
D:10:     layout_grid_maze, old_standard_altar,
          nicolae_yredelemnul_ghost_church, amcnicky_altar_gilded
D:11:     layout_rooms, serial_shops, shop, uniq_psyche
D:12:     layout_loops_ring, minmay_misc_feat_more_columns
Temple:   compressed_dpeg_triangle_lava_temple

Skill      XL: |  1  2  3  4  5  6  7  8  9 10 11 |
---------------+----------------------------------+-----
Fighting       | 1 2 3 5 |  5.0
Spellcasting   | 3 4 5 6 7 9 |  9.6
Stealth        | 3 4 6 |  6.4
Translocations | 1 2 3 4 5 7 8 |  8.0
Conjurations   | 5 6 7 9 |  9.5
Short Blades   | 2 3 |  3.0
Dodging        | 3 4 |  4.3
Shields        | 5 |  5.2
Evocations     | 3 |  3.3

Action                     |  1- 3 |  4- 6 |  7- 9 | 10-12 || total
---------------------------+-------+-------+-------+-------++-------
  Melee: Unarmed           |     3 |       |       |     2 ||     5
         Constrict         |     8 |    11 |    12 |    17 ||    48
         Tentacles         |     9 |    12 |     5 |    14 ||    40
         Dagger            |    26 |       |       |       ||    26
         Short sword       |     8 |    66 |    32 |    51 ||   157
         Punch             |       |     1 |     2 |     1 ||     4
   Cast: Magic Dart        |    53 |    72 |    92 |    57 ||   274
         Searing Ray       |       |     8 |    51 |    50 ||   109
         Iskenderun's Myst |       |       |    11 |    63 ||    74
  Evoke: Phial of floods   |       |       |     1 |     1 ||     2
         Wand              |       |       |       |     5 ||     5
    Use: Scroll            |     5 |     8 |     7 |     8 ||    28
         Potion            |       |     3 |     3 |    10 ||    16
   Stab: Sleeping          |     2 |     8 |     2 |     2 ||    14
         Invisible         |       |     3 |       |       ||     3
 Armour: Skin              |     3 |     2 |     3 |    12 ||    20
  Dodge: Dodged            |    32 |    41 |    77 |   126 ||   276
  Block: Kite shield       |       |       |       |    11 ||    11
